 Dungeon Crawl Stone Soup version 0.24.0-10-g970556be89 (webtiles) character file.

Game seed: 5345710050193119979, levelgen mode: deterministic

69967 Linguinho the Grappler (level 14, -7/146 HPs)
             Began as a Troll Fighter on Nov 4, 2019.
             Was the Champion of the Shining One.
             Mangled by a slime creature (15 damage)
             ... on level 1 of the Pits of Slime.
             The game lasted 00:45:48 (18254 turns).

Linguinho the Grappler (Troll Fighter)             Turns: 18254, Time: 00:45:49

Health: -7/146     AC: 14    Str: 27    XL:     14   Next: 92%
Magic:  13/13      EV: 13    Int:  4    God:    the Shining One [******]
Gold:   1416       SH:  0    Dex: 13    Spells: 13/13 levels left

rFire    . . .     SeeInvis .     - Unarmed
rCold    . . .     Gourm    +   b - +0 shield
rNeg     + + +     Faith    .   X - +0 acid dragon scales
rPois    .         Spirit   .   (helmet restricted)
rElec    .         Reflect  +   h - +2 cloak {MR+}
rCorr    +         Harm     .   (gloves unavailable)
MR       ++...                  (boots unavailable)
Stlth    ..........             Z - +3 amulet of reflection
HPRegen  0.74/turn              s - +3 ring of evasion
MPRegen  0.13/turn              I - +2 ring of slaying

@: confused, glowing
A: large, unfitting armour, claws 3, fast metabolism 3, gourmand, regeneration
1, shaggy fur 1, tough skin 3
a: Divine Shield, Cleansing Flame, Summon Divine Warrior, Brand Weapon With Holy
Wrath, Renounce Religion


You were on level 1 of the Pits of Slime.
You worshipped the Shining One.
The Shining One was exalted by your worship.
You were completely stuffed.

You visited 4 branches of the dungeon, and saw 22 of its levels.
You also visited: Sewer and Ice Cave.

You collected 1458 gold pieces.
You spent 42 gold pieces at shops.

Inventory:

Hand Weapons
 a - a +5 hunting sling of freezing
Missiles
 l - 122 sling bullets
 F - 6 boomerangs (quivered)
 G - 5 throwing nets
 M - 2 javelins
 N - 22 large rocks
Armour
 b - a +0 shield (worn)
 h - a +2 cloak of magic resistance (worn)
 X - +0 acid dragon scales (worn)
Jewellery
 o - an uncursed ring of positive energy
 s - a +3 ring of evasion (left claw)
 E - an uncursed ring of resist corrosion
 I - a +2 ring of slaying (right claw)
 Z - a +3 amulet of reflection (around neck)
Wands
 K - a wand of iceblast (28)
 Q - a wand of flame (95)
 R - a wand of enslavement (7)
 T - a wand of acid (17)
 V - a wand of polymorph (7)
 W - a wand of clouds (6)
Scrolls
 e - 12 scrolls of fear
 g - 12 scrolls of remove curse
 j - 14 scrolls of teleportation
 p - 4 scrolls of immolation
 r - 2 scrolls of fog {unknown}
 w - 3 scrolls of blinking
 y - 2 scrolls of enchant armour
 D - 3 scrolls of brand weapon
 H - 2 scrolls of random uselessness {unknown}
 J - 3 scrolls of magic mapping
 P - 3 scrolls of amnesia
 S - a scroll of vulnerability {unknown}
Potions
 c - 4 potions of might
 f - 9 potions of curing
 i - 3 potions of cancellation
 n - a potion of agility
 t - 2 potions of heal wounds
 u - 2 potions of invisibility
 v - 5 potions of flight
 x - a potion of brilliance
 A - 2 potions of haste
 B - 2 potions of lignification
 O - 2 potions of ambrosia
 U - a potion of berserk rage {unknown}
Miscellaneous
 k - a sack of spiders
 m - a lightning rod (4/4)
Comestibles
 d - 59 rations


   Skills:
 + Level 11.0 Fighting
 - Level 12.0 Slings
 + Level 4.8 Armour
 - Level 2.4 Dodging
 - Level 9.0 Shields
 - Level 12.0 Unarmed Combat


You had 13 spell levels left.
You didn't know any spells.
Your spell library contained the following spells:

 Spells                   Type           Power        Failure   Level  Hunger
 Beastly Appendage        Tmut           #.....       56%         1    ##.....
 Corona                   Hex            #......      56%         1    ##.....
 Freeze                   Ice            #...         56%         1    ##.....
 Magic Dart               Conj           #...         56%         1    ##.....
 Sting                    Conj/Pois      #...         56%         1    ##.....
 Blink                    Tloc           N/A          71%         2    ###....
 Call Imp                 Summ           #.......     71%         2    ###....
 Ensorcelled Hibernation  Hex/Ice        #.....       71%         2    ###....
 Poisonous Vapours        Pois/Air       #.....       71%         2    ###....
 Slow                     Hex            #.......     71%         2    ###....
 Sticks to Snakes         Tmut           #.......     71%         2    ###....
 Throw Frost              Conj/Ice       #.....       71%         2    ###....
 Confuse                  Hex            #.......     90%         3    ####...
 Conjure Flame            Conj/Fire      #.......     90%         3    ####...
 Dazzling Spray           Conj/Hex       #.....       90%         3    ####...
 Mephitic Cloud           Conj/Pois/Air  #.......     90%         3    ####...
 Ozocubu's Armour         Chrm/Ice       #.......     90%         3    ####...
 Spider Form              Tmut/Pois      #.........   90%         3    ####...
 Tukima's Dance           Hex            #.......     90%         3    ####...
 Ice Form                 Ice/Tmut       #.......     100%        4    #####..
 Olgreb's Toxic Radiance  Pois           #.......     100%        4    #####..
 Summon Ice Beast         Ice/Summ       #.......     100%        4    #####..
 Summon Lightning Spire   Summ/Air       #.......     100%        4    #####..
 Throw Icicle             Conj/Ice       #.......     100%        4    #####..
 Aura of Abjuration       Summ           #.........   100%        5    ######.
 Blade Hands              Tmut           #.........   100%        5    ######.
 Venom Bolt               Conj/Pois      #.........   100%        5    ######.
 Darkness                 Hex            #.........   100%        6    #######


Dungeon Overview and Level Annotations

Branches:
Dungeon (15/15)            Temple (1/1) D:7            Lair (5/6) D:10
 Shoals (0/4) Lair:4        Snake (0/4) Lair:2        Slime (1/5) Lair:5
    Orc (0/2) D:10         Vaults (0/5) D:14         Depths (0/5) D:15
  Sewer (visited)           IceCv (visited)

Altars:
Cheibriados
Dithmenos
Elyvilon
Fedhas
Gozag
Hepliaklqana
Kikubaaqudgha
Makhleb
Nemelex Xobeh
Okawaru
Qazlal
Sif Muna
Trog
Vehumet
Wu Jian
Xom
Yredelemnul
Zin
The Shining One

Shops:
D:10 *   D:12 [   D:13 *   D:15 (


Innate Abilities, Weirdness & Mutations

You are too large for most types of armour.
You have claws for hands.
Your metabolism is lightning-fast.
You like to eat raw meat.
Your natural rate of healing is unusually fast.
You are covered in fur. (AC +1)
You have extremely tough skin. (AC +3)


Message History

The golden eye blinks at you. You resist with almost no effort.
You claw the slime creature!
The slime creature is moderately wounded.
You are splashed with acid.
You resist. The golden eye blinks at you. You resist with almost no effort.
The slime creature hits you! x2
* * * LOW HITPOINT WARNING * * *
The golden eye blinks at you. You resist with almost no effort.
You claw the eye of devastation!
The eye of devastation is lightly wounded.
You are splashed with acid.
You resist.
* * * LOW HITPOINT WARNING * * *
The large slime creature hits you!!
* * * LOW HITPOINT WARNING * * *
The slime creature completely misses you.
The golden eye blinks at you. You resist with almost no effort.
The slime creature hits you!
You die...

### . ##.#### .....
##.....###.... .
#.......#....#.#
#..<............
##..........#..#
##.#............#
##.......J........
#.....#..G@G.#.
#....##...JJ##G....
#..###.............
..# #.............
.. #....#.ยง.....#
...#......>.....
...#...#........
.#. ......G...... .
..............


You could see a large slime creature, 2 slime creatures, an eye of devastation
and 3 golden eyes.

Vanquished Creatures
  A dire elephant (D:15)
  Snorg (D:11)
  A rakshasa (D:14)
  Harold (D:8)
  2 hydras
  A death knight (D:13)
  4 centaur warriors (D:14)
  9 death yaks
  5 two-headed ogres
  5 skeletal warriors
  2 unseen horrors
  Pikel (D:8)
  A necromancer (D:14)
  An orc knight (D:15)
  3 cyclopes
  A wolf spider (D:15)
  3 deep elf magi
  A salamander (D:15)
  2 manticores
  5 ugly things
  A guardian serpent (Lair:2)
  A black mamba (Lair:5)
  Maurice (D:9)
  2 ice statues (IceCv)
  Psyche (D:8)
  2 gargoyles
  6 centaur skeletons
  8 spiny frogs
  4 komodo dragons
  3 rime drakes
  3 freezing wraiths
  A tengu conjurer (D:15)
  11 trolls
  A polar bear (Lair:4)
  2 slime creatures (D:15)
  2 dream sheep (D:8)
  8 hippogriffs
  Sigmund (D:2)
  A snapping turtle (Lair:4)
  A vampire (D:14)
  2 shadows
  6 water elementals
  3 wyverns
  46 yaks
  4 wraiths
  Grum (D:8)
  3 basilisks
  2 golden eyes (Slime:1)
  2 hungry ghosts
  9 vampire mosquitoes
  An acid dragon (D:15)
  A soldier ant (D:13)
  Duvessa (D:5)
  5 water moccasins
  2 porcupines
  13 orc warriors
  4 eyes of draining
  15 ice beasts
  2 black bears
  4 sky beasts
  2 hornet zombies
  4 phantoms
  6 ogres
  9 crocodiles
  15 centaurs
  10 wolves
  5 big kobolds
  27 bullfrogs
  A wyvern skeleton (D:12)
  5 scorpions
  Dowan (D:5)
  16 killer bees
  3 wights (D:12)
  5 howler monkeys
  20 electric eels
  4 crimson imps
  3 centaur zombies
  A bullfrog zombie (D:12)
  15 jellies
  16 orc wizards
  2 bullfrog skeletons
  6 hounds
  11 orc priests
  Crazy Yiuf (D:2)
  A gnoll shaman (D:5)
  6 iguanas
  Ijyb (D:5)
  6 worker ants
  A hound zombie (D:7)
  3 hound skeletons (D:5)
  A mummy (D:8)
  12 gnolls
  6 river rats
  9 adders
  8 shadow imps
  3 oozes
  2 adder skeletons
  An adder zombie (D:9)
  2 worms (D:2)
  2 dart slugs
  6 leopard geckos
  65 orcs
  3 giant cockroaches
  10 goblins
  7 hobgoblins
  12 jackals
  2 quokkas
  2 ball pythons
  8 bats
  12 frilled lizards
  25 kobolds
  A leopard gecko skeleton (D:4)
  A quokka zombie (D:5)
  11 rats
  A butterfly (Lair:1)
654 creatures vanquished.

Vanquished Creatures (others)
  Nessos (D:13)
  A centaur warrior (D:15)
  A cyclops (D:14)
  An orc warrior (D:12)
  3 centaurs
  2 goblins
  A jackal (D:8)
  A giant cockroach zombie (D:5)
  3 fungi (Lair:3)
  2 plants
16 creatures vanquished.

Grand Total: 670 creatures vanquished

Notes
Turn   | Place    | Note
-------+----------+-------------------------------------------
     0 | D:1      | Linguinho the Troll Fighter began the quest for the Orb.
     0 | D:1      | Reached XP level 1. HP: 22/22 MP: 0/0
   116 | D:1      | Reached XP level 2. HP: 19/29 MP: 1/1
   430 | D:1      | Reached XP level 3. HP: 36/36 MP: 2/2
  1010 | D:2      | Found a faded altar of an unknown god.
  1058 | D:2      | Reached XP level 4. HP: 42/44 MP: 3/3
  1143 | D:2      | Found a runed translucent door.
  1144 | D:2      | Noticed Crazy Yiuf
  1229 | D:2      | Noticed Sigmund
  1352 | D:2      | Killed Sigmund
  1352 | D:2      | Reached skill level 1 in Slings
  1352 | D:2      | Reached XP level 5. HP: 5/53 MP: 4/4
  1543 | D:2      | Killed Crazy Yiuf
  1543 | D:2      | Reached XP level 6. HP: 59/61 MP: 5/5
  2322 | D:4      | Found a glowing drain.
  2337 | Sewer    | Entered a sewer
  2726 | D:4      | You fall into a shaft and drop 3 floors!
  2726 | D:7      | Found a glowing golden altar of the Shining One.
  2767 | D:7      | Became a worshipper of the Shining One
  2801 | D:7      | Found a staircase to the Ecumenical Temple.
  2829 | D:7      | Reached XP level 7. HP: 67/67 MP: 6/6
  2938 | Temple   | Entered the Ecumenical Temple
  3071 | D:7      | Reached skill level 5 in Shields
  3527 | D:6      | Reached XP level 8. HP: 60/78 MP: 7/7
  3613 | D:6      | Reached * piety under the Shining One
  3813 | D:5      | Entered Level 5 of the Dungeon
  3874 | D:5      | Reached skill level 5 in Unarmed Combat
  3888 | D:5      | Noticed Ijyb
  4475 | D:5      | Killed Ijyb
  4482 | D:5      | Reached ** piety under the Shining One
  4622 | D:5      | Reached XP level 9. HP: 85/85 MP: 8/8
  4655 | D:5      | Found a sparkling altar of Nemelex Xobeh.
  4744 | D:4      | Found a stormy altar of Qazlal.
  4867 | D:4      | Found a shimmering altar of Xom.
  4875 | D:4      | Found an opulent altar of Gozag.
  4875 | D:4      | Found a blossoming altar of Fedhas.
  5134 | D:5      | Noticed Duvessa
  5134 | D:5      | Noticed Dowan
  5148 | D:5      | Killed Dowan
  5152 | D:5      | Killed Duvessa
  5606 | D:8      | Noticed Pikel
  5615 | D:8      | Killed Pikel
  5615 | D:8      | Reached skill level 5 in Fighting
  5690 | D:8      | Noticed Harold
  5709 | D:8      | Killed Harold
  5709 | D:8      | Reached skill level 5 in Slings
  5796 | D:8      | Noticed Psyche
  5806 | D:8      | Killed Psyche
  5806 | D:8      | Reached XP level 10. HP: 92/96 MP: 9/9
  5979 | D:8      | Found a snail-covered altar of Cheibriados.
  6011 | D:8      | Found an ancient bone altar of Kikubaaqudgha.
  6223 | D:8      | Noticed a two-headed hydra
  6241 | D:8      | Killed a two-headed hydra
  6383 | D:8      | Found a glowing silver altar of Zin.
  6551 | D:8      | Noticed Grum
  6572 | D:8      | Killed Grum
  6989 | D:9      | Noticed an unseen horror
  7037 | D:9      | Noticed Maurice
  7039 | D:9      | Found a radiant altar of Vehumet.
  7065 | D:9      | Killed Maurice
  7449 | D:10     | Entered Level 10 of the Dungeon
  7465 | D:10     | Found Ysianujomp's General Store.
  7490 | D:10     | Reached XP level 11. HP: 105/105 MP: 0/10
  7747 | D:10     | Bought a scroll of teleportation for 42 gold pieces
  7776 | D:10     | Noticed a death yak
  7777 | D:10     | Noticed a death yak
  7777 | D:10     | Noticed a death yak
  7778 | D:10     | Noticed a death yak
  7812 | D:9      | Killed a death yak
  7937 | D:10     | Noticed a death yak
  7954 | D:9      | Killed a death yak
  7966 | D:9      | Killed a death yak
  8030 | D:10     | Noticed a death yak
  8034 | D:9      | Killed a death yak
  8062 | D:9      | Killed a death yak
  8071 | D:9      | Killed a death yak
  8210 | D:10     | Found a staircase to the Lair.
  8547 | D:10     | Reached *** piety under the Shining One
  8629 | D:10     | Found a staircase to the Orcish Mines.
  9252 | D:11     | Reached XP level 12. HP: 113/118 MP: 11/11
  9390 | D:11     | Noticed Snorg
  9555 | D:11     | Killed Snorg
  9970 | D:11     | You fall into a shaft and drop 3 floors!
  9977 | D:14     | Noticed a centaur warrior
  9990 | D:14     | Killed a centaur warrior
 10103 | D:14     | Noticed a centaur warrior
 10176 | D:14     | Killed a centaur warrior
 10463 | D:14     | Noticed a two-headed ogre
 10474 | D:14     | Killed a two-headed ogre
 10474 | D:14     | Reached skill level 10 in Unarmed Combat
 10528 | D:13     | Reached **** piety under the Shining One
 10650 | D:13     | Noticed a death knight
 10666 | D:13     | Killed a death knight
 10752 | D:13     | Found Upnienu's General Store.
 10824 | D:12     | Reached XP level 13. HP: 100/130 MP: 12/12
 11147 | D:12     | Reached skill level 10 in Slings
 11619 | D:12     | Reached ***** piety under the Shining One
 11903 | D:12     | Found Wesiofut's Antique Armour Emporium.
 12390 | D:13     | Noticed Nessos
 12393 | D:13     | Killed Nessos
 12447 | D:13     | Got a twisted mace
 12448 | D:13     | Identified the +0 mace of Ru's Hatred {holy, rPois} (You
                  | found it on level 13 of the Dungeon)
 12461 | D:13     | Found a radiant altar of Vehumet.
 12555 | D:13     | Found a shadowy altar of Dithmenos.
 12710 | D:14     | Found a gate to the Vaults.
 13292 | D:15     | Entered Level 15 of the Dungeon
 13373 | D:15     | Found Lunanodd's Antique Weapon Shoppe.
 13642 | D:15     | Found a staircase to the Depths.
 13642 | D:15     | Noticed a dire elephant
 13647 | D:15     | Reached XP level 14. HP: 135/141 MP: 13/13
 13666 | D:15     | Reached skill level 10 in Fighting
 13827 | D:15     | Reached ****** piety under the Shining One
 13831 | D:15     | Reached skill level 1 in Armour
 14481 | Lair:1   | Entered Level 1 of the Lair of Beasts
 15536 | Lair:2   | Found a staircase to the Snake Pit.
 16106 | Lair:3   | Found the +10 large shield of Ignorance {rN+ Int-4}
 17128 | Lair:4   | Found a staircase to the Shoals.
 17483 | Lair:5   | Found a frozen archway.
 17555 | IceCv    | Entered an ice cave
 17581 | IceCv    | Found a transporter.
 17599 | IceCv    | Found a transporter.
 17786 | IceCv    | Identified the Disquisition on the Fetching Entourage
 18193 | Lair:5   | Found a staircase to the Slime Pits.
 18228 | Slime:1  | Entered Level 1 of the Pits of Slime
 18254 | Slime:1  | Mangled by a slime creature

Levels and vault maps discovered:
D:1:      wander_arrival_desolate, layout_basic, minmay_door_square,
          chequers_decorated_corner, minivault_19, kennysheep_doodads
D:2:      layout_basic, chequers_ecumenical_altar_simple_redux, uniq_sigmund,
          uniq_crazy_yiuf_cottage
D:3:      layout_rooms
D:4:      layout_basic, nicolae_qazlal_general_emergency,
          grunt_temple_overflow_open, portal_sewer_entry_d, first_ration
D:5:      layout_rooms, nemelex_xobeh_ov_fountains_minmay, uniq_ijyb,
          uniq_duvessa
D:6:      layout_basic
D:7:      layout_basic, overflow_temple_1_default, minmay_temple_entry_glass,
          serial_corexii_hall, corexii_hall_statues_x, chequers_hall_statues_y,
          chequers_hall_statues_corner_a
D:8:      layout_basic, slow_altar_1, kennysheep_mini_moat, zin_scriptorium,
          hangedman_ranch [blue_anna_fruit_fields], uniq_harold, uniq_grum,
          uniq_pikel, uniq_psyche
D:9:      layout_layer_cave, vehumet_altar_wand_db, unseen_surprise_small,
          uniq_maurice
D:10:     cheibrodos_two_vegetables, layout_rooms, dpeg_lair_monsters,
          david_orc_4, serial_shops, nicolae_shop_stone, kennysheep_cross_room
D:11:     layout_loops_cross, uniq_snorg
D:12:     layout_basic, serial_shops, nicolae_shop_statue_plus
D:13:     layout_roguey, serial_shops, nicolae_shop_behind_doors, basic_altar,
          lemuel_centaur_altar, uniq_nessos
D:14:     minmay_bubble_buster, layout_basic, david_vaults_1, amethyst_killhole
D:15:     hangedman_depths_entry_try_elsewhere_first, layout_rooms,
          serial_shops, nicolae_shop_statue_plus, nicolae_sextant
Temple:   nicolae_temple_x_marks_the_god
Lair:1:   layout_loops_ring, chequers_serial_rivers_small_b, st_stairs_7,
          infiniplex_staircase_pool_2, lemuel_fruit_fields, serial_bayou_shore_a
Lair:2:   layout_loops_ring, minmay_snake_entry_spellcaster, beast_lair_carwin_3
Lair:3:   layout_long_grid, pond, lemuel_fruit_fields, serial_bayou_shore_b,
          lemuel_fruit_tree
Lair:4:   layout_hall_layers, minmay_shoals_entry_hut, minivault_24,
          beast_lair_carwin_9
Lair:5:   layout_cave_pods, minmay_slime_entry_jelly_boxes,
          portal_ice_cave_entry_ice_beasts
Slime:1:  layout_caves, cheibrodos_slime_lost_civilization_4

Skill      XL: |  1  2  3  4  5  6  7  8  9 10 11 12 13 14 |
---------------+-------------------------------------------+-----
Shields        | 3 4 5 6 7 8 9 |  9.0
Unarmed Combat | 3 4 5 6 7 9 10 11 12 | 12.0
Fighting       | 3 4 5 6 7 8 9 11 | 11.0
Slings         | 1 2 3 4 5 6 8 9 11 12 | 12.0
Armour         | 4 |  4.8
Dodging        | |  2.4

Action                   |  1- 3 |  4- 6 |  7- 9 | 10-12 | 13-15 || total
-------------------------+-------+-------+-------+-------+-------++-------
Melee: Unarmed           |   124 |   155 |   265 |   611 |   682 ||  1837
 Fire: Hunting sling     |     1 |    38 |    31 |    60 |   123 ||   253
Throw: Boomerang         |       |       |       |     3 |    84 ||    87
       Javelin           |       |       |       |     3 |     3 ||     6
Invok: Divine Shield     |       |       |       |       |     1 ||     1
  Use: Scroll            |       |     8 |     6 |     3 |    18 ||    35
       Potion            |       |       |     1 |     4 |     1 ||     6
 Stab: Sleeping          |     1 |     2 |       |       |       ||     3
  Eat: Chunk             |    15 |    17 |    25 |    49 |    68 ||   174
Armor: Robe              |    67 |    61 |    48 |    30 |       ||   206
       Troll leather arm |       |       |       |   121 |    43 ||   164
       Skin              |       |       |       |     4 |       ||     4
       Acid dragon scale |       |       |       |       |    99 ||    99
Dodge: Dodged            |    46 |    48 |    58 |   180 |   201 ||   533
Block: Shield            |    68 |    75 |   159 |   471 |   469 ||  1242
       Reflection        |     2 |     7 |     7 |    23 |    39 ||    78
